 Dungeon Crawl Stone Soup version 0.28.0-45-g0d030f2227 (webtiles) character file.

Game seed: 12266524418177044614

1 101zpm the Caller (level 1, -1/10 HPs)
             Began as a Kobold Summoner on Apr 20, 2022.
             Slain by a kobold
             ... wielding a +0 whip
              (5 damage)
             ... on level 1 of the Dungeon.
             The game lasted 00:00:46 (183 turns).

101zpm the Caller (Kobold Summoner)                  Turns: 183, Time: 00:00:47

Health: -1/10      AC:  2    Str:  5    XL:     1   Next: 22%
Magic:  1/3        EV: 15    Int: 16    God:
Gold:   12         SH:  0    Dex: 15    Spells: 3/4 levels left

rFire   . . .      SeeInvis .   c - +1 dagger (vamp)
rCold   . . .      Faith    .   (no shield)
rNeg    . . .      Spirit   .   a - +0 robe
rPois   .          Reflect  .   (no helmet)
rElec   .          Harm     .   (no cloak)
rCorr   .          Rampage  .   (no gloves)
Will    .....                   (no boots)
Stlth   +++.......              (no amulet)
HPRegen 0.03/turn               (no ring)
MPRegen 0.08/turn               (no ring)

@: no status effects
A: small, no large weapons, nightstalker 3
a: no special abilities


You were on level 1 of the Dungeon.
You visited 1 branch of the dungeon, and saw 1 of its levels.

You collected 12 gold pieces.

Inventory:

Hand Weapons
 c - a +1 vampiric dagger (weapon)
 d - a +0 short sword
Missiles
 e - 4 stones
Armour
 a - a +0 robe (worn)
Scrolls
 b - a scroll of identify {unknown}


   Skills:
 + Level 2.4 Dodging
 + Level 2.6 Stealth
 + Level 2.1 Spellcasting
 + Level 4.0 Summonings


You had 3 spell levels left.
You knew the following spells:

 Your Spells              Type           Power      Damage    Failure   Level
a - Summon Small Mammal   Summ           56%        N/A       3%          1

Your spell library contained the following spells:

 Spells                   Type           Power      Damage    Failure   Level
 Call Imp                 Summ           14%        N/A       6%          2
 Call Canine Familiar     Summ           14%        N/A       12%         3
 Summon Guardian Golem    Hex/Summ       8%         N/A       26%         3
 Summon Lightning Spire   Summ/Air       8%         N/A       65%         4


Dungeon Overview and Level Annotations

Branches:
Dungeon (1/15)

Altars:


Innate Abilities, Weirdness & Mutations

You are small and have problems with some larger weapons.
You are completely attuned to the shadows.


Message History

You are too injured to fight recklessly!
You are too injured to fight recklessly!
You are too injured to fight recklessly!
You are too injured to fight recklessly!
You are too injured to fight recklessly!
You are too injured to fight recklessly!
You are too injured to fight recklessly!
A hobgoblin is nearby!
Casting: Summon Small Mammal (safe; 3% risk of failure)
Press: ? - help, Q - select action, (/) - cycle Dir - look around, f - activate The hobgoblin closely misses you.
A kobold comes into view. It is wielding a +0 whip.
Casting: Summon Small Mammal (safe; 3% risk of failure)
Press: ? - help, Q - select action, (/) - cycle Dir - look around, f - activate The hobgoblin misses you.
Your quokka barely misses the hobgoblin.
You closely miss the hobgoblin. Your bat hits the hobgoblin.
The hobgoblin barely misses you.
Your quokka closely misses the hobgoblin.
You closely miss the hobgoblin.
The hobgoblin is lightly wounded.
Your bat hits the hobgoblin but does no damage.
Your quokka barely misses the hobgoblin.
The hobgoblin hits you.
You barely miss the hobgoblin.
The hobgoblin is lightly wounded.
Your bat barely misses the hobgoblin.
Your quokka bites the hobgoblin but does no damage.
The kobold barely misses you. The hobgoblin completely misses you.
Your bat hits the hobgoblin but does no damage.
Your quokka barely misses the hobgoblin.
Your bat closely misses the hobgoblin.
The hobgoblin closely misses your bat.
Your quokka closely misses the hobgoblin.
Your bat hits the hobgoblin.
Your bat closely misses the kobold.
Your bat hits the kobold but does no damage.
The hobgoblin barely misses your bat.
Your quokka bites the hobgoblin.
Your bat barely misses the hobgoblin.
Your bat barely misses the kobold.
The kobold hits you with a +0 whip.
Ouch! That really hurt!
You die...

#.####### .........
#.....r.$.
#....g....
#.........
#..b.K....
#...@.....
#.........
###...#### #.###
###.### #.....#
#.....## #.....####
###.###...#.....#...


You could see a hobgoblin (ally target), a kobold, a friendly quokka (summoned)
and a friendly bat (summoned).

Vanquished Creatures
  A kobold (D:1)
1 creature vanquished.

Notes
Turn   | Place    | Note
-------+----------+-------------------------------------------
     0 | D:1      | 101zpm the Kobold Summoner began the quest for the Orb.
     0 | D:1      | Reached XP level 1. HP: 10/10 MP: 3/3
   183 | D:1      | Slain by a kobold

Illustrated notes

Levels and vault maps discovered:
D:1:      minmay_arrival_glassed_features, layout_basic,
          hellmonk_ecumenical_altar_zigzags

Action                   || total
-------------------------++-------
Melee: Dagger            ||     6
       Unarmed           ||     6
 Cast: Summon Small Mamm ||     4
Armor: Robe              ||     2
Dodge: Dodged            ||    10
